 Dungeon Crawl Stone Soup version 0.29.0-7-g18a832c13a (webtiles) character file.

Game seed: 5708172638489270052

80 Acheron the Stinger (level 4, 0/35 HPs)
             Began as a Minotaur Venom Mage on Sept 1, 2022.
             Slain by Grinder (9 damage)
             ... while paralysed by Grinder
             ... on level 3 of the Dungeon.
             The game lasted 00:14:40 (2959 turns).

Acheron the Stinger (Minotaur Venom Mage)           Turns: 2959, Time: 00:14:41

Health: 0/35       AC:  5    Str: 12    XL:     4   Next: 18%
Magic:  5/6        EV:  2    Int: 16    God:
Gold:   59         SH:  0    Dex: 13    Spells: 6/7 levels left

rFire   . . .      SeeInvis .   e - +1 flail (protect)
rCold   + . .      Faith    .   (no shield)
rNeg    . . .      Spirit   .   a - +0 robe
rPois   .          Reflect  .   (helmet restricted)
rElec   .          Harm     .   p - +2 cloak of Hospitality {+Inv rC+ rCorr Int+4}
rCorr   +          Rampage  .   (no gloves)
Will    .....                   (no boots)
Stlth   ++........              (no amulet)
HPRegen 0.11/turn               (no ring)
MPRegen 0.10/turn               (no ring)

@: paralysed
A: horns 2, retaliatory headbutt
a: Evoke Invisibility


You were on level 3 of the Dungeon.
You visited 1 branch of the dungeon, and saw 4 of its levels.

You collected 59 gold pieces.

Inventory:

Hand Weapons
 c - a +1 short sword of protection
 e - a +1 flail of protection (weapon)
 l - a +1 dagger of speed
Missiles
 k - 4 boomerangs (quivered)
Armour
 a - a +0 robe (worn)
 f - a +0 ring mail
 p - the +2 cloak of Hospitality (worn) {+Inv rC+ rCorr Int+4}
   (You found it on level 3 of the Dungeon)

   Int:       It affects your intelligence (+4).
   rC:        It protects you from cold.
   +Inv:      It lets you turn invisible.
   rCorr:     It protects you from acid and corrosion.
Magical Staves
 i - a staff of poison
Potions
 b - a potion of magic
 d - 2 potions of curing
 h - a potion of invisibility {unknown}
 j - a potion of heal wounds {unknown}
 m - 2 potions of flight {unknown}
 n - a potion of might {unknown}


   Skills:
 * Level 1.2 Fighting
 * Level 1.0 Short Blades
 * Level 0.1 Maces & Flails
 * Level 2.4 Dodging
 * Level 1.8 Stealth
 + Level 0.7 Unarmed Combat
 * Level 2.0 Spellcasting
 + Level 1.3 Transmutations
 * Level 2.4 Poison Magic
 * Level 0.1 Evocations


You had 6 spell levels left.
You knew the following spells:

 Your Spells              Type           Power      Damage    Failure   Level
a - Sting                 Tmut/Pois      28%        1d4       10%         1

Your spell library contained the following spells:

 Spells                   Type           Power      Damage    Failure   Level
 Poisonous Vapours        Pois/Air       10%        N/A       19%         2
 Slow                     Hex            4%         N/A       21%         1
 Mephitic Cloud           Conj/Pois/Air  4%         N/A       41%         3
 Confusing Touch          Hex            1%         N/A       52%         3
 Vampiric Draining        Necr           1%         2d6       52%         3
 Olgreb's Toxic Radiance  Pois           9%         N/A       58%         4


Dungeon Overview and Level Annotations

Branches:
Dungeon (4/15)
 Temple: D:4-7

Altars:
Sif Muna
Xom

Shops:
D:3 *

Annotations:
D:3 1 runed translucent door, Grinder; ImASeal's ghost, amateur TrFi; Jessica


Innate Abilities, Weirdness & Mutations

You have a pair of horns on your head.
You reflexively headbutt those who attack you in melee.


Message History

You throw a boomerang.
The boomerang hits Grinder but does no damage.
Grinder is lightly wounded.
Grinder gestures at you. Pain shoots through your body!
Unknown command.
You aren't carrying any items that you can evoke.
Casting: Sting (safe; 10% risk of failure)
Confirm with . or Enter, or press ? or * to list all spells.
Aiming: Sting (safe; 10% risk of failure)
Press: ? - help, Shift-Dir - straight line, f/p - Grinder
Aim: Grinder (lightly wounded, 64% to hit)
The sting hits Grinder but does no damage.
Grinder is poisoned.
Grinder is lightly wounded.
Grinder gestures at you. Pain shoots through your body!
* * * LOW HITPOINT WARNING * * *
You feel better. Grinder gestures at you. You resist with significant effort.
Grinder gestures at you. You resist with significant effort.
Grinder blinks!
You hit Grinder.
Your weapon exudes an aura of protection.
You headbutt Grinder.
Grinder is moderately wounded.
Grinder misses you. Grinder gestures at you.
You resist with significant effort.
You barely miss Grinder.
Grinder is moderately wounded.
Grinder looks more healthy.
Grinder gestures at you.
You suddenly lose the ability to move!
Grinder hits you.
* * * LOW HITPOINT WARNING * * *
Grinder hits you!
You die...

***,,,,,,##...#..#..#.#...[.# **
,,,,,,,,,...........#.#.....#***8
,,,,,>,,**###....#....J.#...##8..
,,,,,,,,* #....##.#...#...##...
*,,,,,,,* #....##.#.#.'...#_...
*,,,,,,,** #....##.#.###...##...
,,,,,,,,,* #.......#.# #...##8..
,,,,,,,,,* #....####.# #...#*##8
,,,,,,,,,* ###.@.....# ##### *#
,,,**,,,,*****#5####### ******
,,,**,,,,,,,,*#.* **********,,,,*
,,,,,,,,,,,,,+..* *,,,,,,,,+,,,,+
,,,,,,,,,,,,,##.***+********,,,,*
,,,,,,,,,,,,,,..,,,,,* *,,,,,,<
**,,,,,,,,,,,,.=,,,,,* *,****,,
*,,,,,,,,,,,,..,,,,,* *,* *,,
*,,,********,,,,,,,,* *,* *,,


You could see Grinder.

Vanquished Creatures
  An adder (D:4)
  3 dart slugs
  4 orcs (D:4)
  5 ball pythons
  3 bats
  7 endoplasms
  3 giant cockroaches
  6 goblins
  3 hobgoblins
  3 jackals (D:3)
  A quokka (D:2)
  6 frilled lizards
  7 kobolds
  4 rats
  A butterfly (D:4)
57 creatures vanquished.

Vanquished Creatures (others)
  3 plants (D:2)
3 creatures vanquished.

Grand Total: 60 creatures vanquished

Notes
Turn   | Place    | Note
-------+----------+-------------------------------------------
     0 | D:1      | Acheron the Minotaur Venom Mage began the quest for the
                  | Orb.
     0 | D:1      | Reached XP level 1. HP: 14/14 MP: 1/1
    85 | D:1      | Reached skill level 1 in Transmutations
   366 | D:1      | Reached XP level 2. HP: 16/22 MP: 0/3
   592 | D:1      | Found a faded altar of an unknown god.
   688 | D:1      | Reached skill level 1 in Fighting
  1224 | D:1      | Reached XP level 3. HP: 28/28 MP: 1/4
  1980 | D:2      | Found a shimmering altar of Xom.
  2147 | D:3      | Noticed Jessica
  2374 | D:4      | Noticed a scorpion
  2663 | D:4      | Reached XP level 4. HP: 35/35 MP: 4/6
  2689 | D:3      | Found Bonur's Assorted Antiques.
  2745 | D:3      | Found a runed translucent door.
  2826 | D:3      | Reached skill level 1 in Short Blades
  2833 | D:3      | Noticed ImASeal's ghost (amateur TrFi)
  2858 | D:3      | Identified the +2 cloak of Hospitality {+Inv rC+ rCorr
                  | Int+4}
  2874 | D:3      | Noticed Grinder
  2902 | D:3      | Found a shimmering blue altar of Sif Muna.
  2923 | D:3      | Paralysed by Grinder for 3 turns
  2942 | D:3      | Paralysed by Grinder for 2 turns
  2957 | D:3      | Paralysed by Grinder for 4 turns
  2959 | D:3      | Slain by Grinder

Illustrated notes

Levels and vault maps discovered:
D:1:      doesnt_arrival_eight_statues, layout_loops_corners,
          chequers_ecumenical_altar_island
D:2:      layout_basic, basic_altar, skrybe_limestone_x,
          minmay_shallow_snake_nest
D:3:      layout_basic, nicolae_overflow_hidden_temple, serial_shops,
          nicolae_shop_overgrown_old_shop, ebering_ghost_inner_flame,
          uniq_sigmund, uniq_grinder, uniq_terence, uniq_jessica
D:4:      layout_loops_ring, xom_butterflies, kennysheep_okawaru_gauntlet,
          lemuel_coloured_pillars_altar, lightli_sewer_entry_pipes,
          hangedman_decor_peaks_small, uniq_duvessa

Skill      XL: |  1  2  3  4 |
---------------+-------------+-----
Transmutations | 1 |  1.3
Fighting       | 1 |  1.2
Spellcasting   | 2 |  2.0
Short Blades   | 1 |  1.0
Maces & Flails | |  0.1
Dodging        | |  2.4
Stealth        | |  1.8
Unarmed Combat | |  0.7
Poison Magic   | |  2.4
Evocations     | |  0.1

Action                   |  1- 3 |  4- 6 || total
-------------------------+-------+-------++-------
Melee: Unarmed           |    13 |       ||    13
       Short sword       |    80 |       ||    80
       Headbutt          |    11 |     3 ||    14
       Punch             |     2 |       ||     2
       Flail             |     4 |    24 ||    28
Throw: Boomerang         |       |     1 ||     1
 Cast: Sting             |    37 |     1 ||    38
  Use: Scroll            |     3 |     2 ||     5
       Potion            |       |     1 ||     1
 Stab: Sleeping          |     3 |       ||     3
Armor: Robe              |    15 |     7 ||    22
Dodge: Dodged            |    44 |    19 ||    63
